 Dungeon Crawl Stone Soup version 0.29-a0-520-gc852659d43 (webtiles) character file.

Game seed: 6999576926646797783

98 Bruhh the Digger (level 4, -8/33 HPs)
             Began as a Draconian Earth Elementalist on May 31, 2022.
             Killed by divine providence
             ... invoked by an orc priest
              (14 damage)
             ... on level 3 of the Dungeon.
             The game lasted 00:02:25 (2380 turns).

Bruhh the Digger (Draconian Earth Elementalist)     Turns: 2380, Time: 00:02:25

Health: -8/33      AC:  9    Str: 16    XL:     4   Next: 43%
Magic:  1/9        EV: 12    Int: 18    God:
Gold:   69         SH:  0    Dex: 11    Spells: 5/9 levels left

rFire   . . .      SeeInvis .   p - +2 falchion (protect)
rCold   . . .      Faith    .   (no shield)
rNeg    . . .      Spirit   .   (body armour unavailable)
rPois   .          Reflect  .   (helmet restricted)
rElec   .          Harm     .   (no cloak)
rCorr   .          Rampage  .   (no gloves)
Will    .....                   (no boots)
Stlth   ++........              (no amulet)
HPRegen 0.11/turn               i - +6 ring of strength
MPRegen 0.11/turn               l - +4 ring of protection

@: no status effects
A: AC +5, unfitting armour, cold-blooded
a: no special abilities


You were on level 3 of the Dungeon.
You visited 1 branch of the dungeon, and saw 3 of its levels.

You collected 69 gold pieces.

Inventory:

Hand Weapons
 h - a +2 short sword of holy wrath
 p - a +2 falchion of protection (weapon)
Missiles
 a - 47 stones
Armour
 o - a +0 kite shield
Jewellery
 i - a +6 ring of strength (left hand)
 l - a +4 ring of protection (right hand)
Scrolls
 c - 7 scrolls of identify {unknown}
 f - a scroll of torment {unknown}
 j - a scroll of fog {unknown}
 m - a scroll of fear {unknown}
Potions
 b - a potion of magic
 d - 4 potions of heal wounds {unknown}
 e - a potion of ambrosia {unknown}
 g - a potion of berserk rage {unknown}
 k - a potion of curing {unknown}
 n - a potion of might {unknown}


   Skills:
 - Level 1.7 Dodging
 - Level 1.7 Stealth
 + Level 3.4 Spellcasting
 - Level 1.0 Transmutations
 + Level 4.2 Earth Magic


You had 5 spell levels left.
You knew the following spells:

 Your Spells              Type           Power      Damage    Failure   Level
a - Sandblast             Erth           36%        2d10      2%          1
b - Stone Arrow           Conj/Erth      20%        3d8       21%         3

Your spell library contained the following spells:

 Spells                   Type           Power      Damage    Failure   Level
 Passwall                 Tmut/Erth      10%        N/A       8%          2
 Ensorcelled Hibernation  Hex/Ice        6%         N/A       24%         2
 Petrify                  Tmut/Erth      12%        N/A       45%         4


Dungeon Overview and Level Annotations

Branches:
Dungeon (3/15)

Altars:


Innate Abilities, Weirdness & Mutations

Your plain brown scales are hard. (AC +5)
You cannot fit into any form of body armour.
You are cold-blooded and may be slowed by cold attacks.


Message History

Casting: Sandblast (safe; 2% risk of failure)
Confirm with . or Enter, or press ? or * to list all spells.
Aiming: Sandblast (safe; 2% risk of failure)
Press: ? - help, Shift-Dir - straight line, f/p - orc priest
Aim: an orc priest, wielding a +0 hand axe and wearing a +0 chain mail (85% to hit)
The blast of sand hits the orc priest but does no damage.
The orc hits you but does no damage.
The orc priest hits you but does no damage.
The orc barely misses you. x2; The orc misses you.
Casting: Sandblast (safe; 2% risk of failure)
Confirm with . or Enter, or press ? or * to list all spells.
Aiming: Sandblast (safe; 2% risk of failure)
Press: ? - help, Shift-Dir - straight line, f/p - orc priest
Aim: an orc priest, wielding a +0 hand axe and wearing a +0 chain mail (85% to hit)
The blast of sand hits the orc priest but does no damage.
The orc hits you with a +0 mace. The orc priest closely misses you.
The orc hits you with a +0 flail. The orc misses you.
The orc closely misses you.
Unknown command.
Casting: Sandblast (safe; 2% risk of failure)
Confirm with . or Enter, or press ? or * to list all spells.
Aiming: Sandblast (safe; 2% risk of failure)
Press: ? - help, Shift-Dir - straight line, f/p - orc priest
Aim: an orc priest, wielding a +0 hand axe and wearing a +0 chain mail (85% to hit)
The blast of sand hits the orc priest but does no damage.
The orc closely misses you.
The orc priest hits you but does no damage.
The orc hits you with a +0 flail. The orc misses you.
The orc hits you with a +0 flail!
Unknown command.
Okay, then.
The orc priest attacks as you move away!
The orc priest completely misses you. The orc hits you but does no damage.
The orc priest mumbles some strange prayers to Beogh against you.
Pain shoots through your body!
* * * LOW HITPOINT WARNING * * *
The orc attacks as you move away! The orc closely misses you.
The orc priest mumbles some strange prayers to Beogh against you.
Beogh smites you!
You die...

....#...######.#.#
.........#+### #
..............# #
..............# ..
..............# #.
..............#
..............#
#.............#
#.......@.†...#
#.....o.o.....#
#....o.o......#
#......o......#
#.............#
#.............#
#.............#
#.............#
#.............#


You could see an orc priest and 4 orcs.

Vanquished Creatures
  Jessica (D:2)
  2 adders
  2 dart slugs
  2 orcs (D:3)
  3 bats
  5 endoplasms
  3 giant cockroaches
  6 goblins
  4 hobgoblins
  2 jackals (D:2)
  4 kobolds
  A quokka (D:2)
  5 ball pythons
  A frilled lizard (D:1)
  4 rats
45 creatures vanquished.

Notes
Turn   | Place    | Note
-------+----------+-------------------------------------------
     0 | D:1      | Bruhh the Draconian Earth Elementalist began the quest for
                  | the Orb.
     0 | D:1      | Reached XP level 1. HP: 14/14 MP: 3/3
   365 | D:1      | Reached XP level 2. HP: 20/20 MP: 3/5
  1170 | D:1      | Reached XP level 3. HP: 26/26 MP: 5/7
  1596 | D:2      | Noticed Jessica
  1604 | D:2      | Killed Jessica
  1605 | D:2      | Reached skill level 4 in Earth Magic
  1605 | D:2      | Reached XP level 4. HP: 26/33 MP: 1/8
  1608 | D:2      | Got Jessica's Collected Works on Bewitchment
  1623 | D:2      | Learned a level 3 spell: Stone Arrow
  1962 | D:2      | Found a faded altar of an unknown god.
  2380 | D:3      | Killed from afar by an orc priest

Illustrated notes

Levels and vault maps discovered:
D:1:      dpeg_arrival_chambers_temple_mockup, layout_loops_corners
D:2:      layout_basic, hellmonk_ecumenical_altar_inner_sanctum,
          kennysheep_jessica_study
D:3:      cheibrodos_greedy_goblins, layout_basic, uniq_robin

Skill      XL: |  1  2  3 |
---------------+----------+-----
Spellcasting   | 3 |  3.4
Earth Magic    | 4 |  4.2
Dodging        | |  1.7
Stealth        | |  1.7
Transmutations | |  1.0

Action                   |  1- 3 |  4- 6 || total
-------------------------+-------+-------++-------
Melee: Unarmed           |    17 |       ||    17
       Tailslap          |     4 |       ||     4
       Short sword       |     6 |     1 ||     7
       Falchion          |       |     7 ||     7
 Cast: Sandblast         |    37 |    26 ||    63
 Stab: Sleeping          |     2 |       ||     2
Armor: Skin              |    18 |    19 ||    37
Dodge: Dodged            |    20 |    27 ||    47

Table legend: (Time is in decaauts)
 A = Elapsed time spent in this place.
 B = Non-inter-level travel time spent in this place.
 C = Inter-level travel time spent in this place.
 D = Time resting spent in this place.
 E = Time spent auto-exploring this place.
 F = Levels seen in this place.
 G = Mean time per level.
                   A        B        C        D        E       F      G
               +--------+--------+--------+--------+--------+-----+--------+
         Total |   2382 |   2224 |    158 |      0 |   1911 |   3 |  794.0 |
       Dungeon |   2382 |   2224 |    158 |      0 |   1911 |   3 |  794.0 |
               +--------+--------+--------+--------+--------+-----+--------+

Top non-repeatable levels by time:
     D:1: 1425 daAuts
     D:2: 636 daAuts
     D:3: 320 daAuts
